 Dungeon Crawl Stone Soup version 0.29-a0-723-gce39da1c22 (webtiles) character file.

Game seed: 1976307428039267193

2452 Shayle the Covert (level 9, -5/56 (82) HPs)
             Began as a Naga Warper on June 27, 2022.
             Slain by a wight
             ... wielding a +3 dire flail
              (6 damage)
             ... on level 6 of the Dungeon on June 28, 2022.
             The game lasted 00:28:17 (9687 turns).

Shayle the Covert (Naga Warper)                     Turns: 9687, Time: 00:28:20

HP:   -5/56 (82)    AC:  7    Str: 14    XL:     9   Next: 50%
MP:   4/4           EV: 11    Int: 17    God:
Gold: 331           SH:  0    Dex: 11    Spells: 0/12 levels left

rFire   . . .      SeeInvis +   y - +6 scythe (antimagic)
rCold   . . .      Faith    .   (shield currently unavailable)
rNeg    . . .      Spirit   .   a - +0 leather armour
rPois   +          Reflect  .   (no helmet)
rElec   .          Harm     .   u - +2 cloak
rCorr   .          Rampage  .   (no gloves)
Will    +....                   (no barding)
Stlth   ++++......              p - amulet of the acrobat
HPRegen 0.18/turn               (no ring)
MPRegen 0.09/turn               (no ring)

@: very heavily drained, very slow
A: AC +3, large, see invisible, deformed body, poison resistance, slowness 2,
spit poison 1, naga tail 1
a: Spit Poison


You were on level 6 of the Dungeon.
You visited 1 branch of the dungeon, and saw 6 of its levels.
You also visited: Sewer.

You collected 331 gold pieces.

Inventory:

Hand Weapons
 c - a +1 hand axe of venom
 d - a +3 halberd
 e - a +1 short sword of electrocution
 h - the +6 whip "Laast" {vorpal, rPois Str-5 Int+7 Dex+4}
   (You found it on level 5 of the Dungeon)

   It inflicts extra damage upon your enemies.
   Str:       It affects your strength (-5).
   Int:       It affects your intelligence (+7).
   Dex:       It affects your dexterity (+4).
   rPois:     It protects you from poison.
 o - a +1 dagger of holy wrath
 w - a +0 glaive
 y - a +6 antimagic scythe (weapon)
Missiles
 n - 24 poisoned darts (quivered)
 q - 2 curare-tipped darts
Armour
 a - a +0 leather armour (worn)
 u - a +2 cloak (worn)
Jewellery
 p - an amulet of the acrobat (around neck)
Scrolls
 b - 2 scrolls of blinking
 f - 3 scrolls of teleportation
 k - a scroll of magic mapping
 v - a scroll of amnesia
 x - 2 scrolls of enchant weapon
 z - 2 scrolls of fear
 A - a scroll of identify
Potions
 g - a potion of lignification {unknown}
 i - 2 potions of brilliance {unknown}
 j - 3 potions of might {unknown}
 l - a potion of cancellation {unknown}
 m - a potion of invisibility {unknown}
 r - 3 potions of flight {unknown}
 s - a potion of magic {unknown}
 t - 3 potions of haste {unknown}


   Skills:
 + Level 6.0 Fighting
 - Level 0.8 Throwing
 - Level 0.7 Armour
 * Level 6.3 Dodging
 + Level 8.9 Stealth
 + Level 6.1 Unarmed Combat
 - Level 2.0 Spellcasting
 - Level 0.2 Conjurations
 + Level 3.2 Translocations
 - Level 0.2 Transmutations


You couldn't memorise any spells.
You knew the following spells:

 Your Spells              Type           Power      Damage    Failure   Level
a - Blink                 Tloc           24%        N/A       10%         2
b - Gell's Gravitas       Tloc           12%        N/A       19%         3
c - Sublimation of Blood  Necr           1%         N/A       36%         2
d - Manifold Assault      Tloc           12%        N/A       87%         5

Your spell library contained the following spells:

 Spells                   Type           Power      Damage    Failure   Level
 Lesser Beckoning         Tloc           12%        N/A       19%         3
 Teleport Other           Tloc           12%        N/A       19%         3
 Portal Projectile        Hex/Tloc       14%        N/A       36%         3
 Call Canine Familiar     Summ           1%         N/A       58%         3
 Petrify                  Tmut/Erth      2%         N/A       93%         4
 Leda's Liquefaction      Hex/Erth       0%         N/A       94%         4
 Irradiate                Conj/Tmut      1%         3d13      99%         5


Dungeon Overview and Level Annotations

Branches:
Dungeon (6/15)              Sewer (visited)
 Temple: D:4-7

Altars:
Fedhas
Xom

Shops:
D:4 =

Annotations:
D:4 1 exclusion, Menkaure


Innate Abilities, Weirdness & Mutations

Your serpentine skin is tough. (AC +3)
You have supernaturally acute eyesight. (SInv)
Armour fits poorly on your strangely shaped body.
Your system is resistant to poisons. (rPois)
You cover ground very slowly.
You can spit poison.
You have a snake-like lower body.


Message History

Things that are here:
a +4 halberd; a +0 robe The wight barely misses you.
You barely miss the wight. The wight misses you.
You barely miss the wight. The wight barely misses you.
The wight hits you with a +3 dire flail!
You feel drained.
You slash the wight!
The wight is heavily damaged.
The wight hits you with a +3 dire flail.
You barely miss the wight.
The wight is heavily damaged.
The wight hits you with a +3 dire flail!
You feel drained. The wight closely misses you.
You barely miss the wight.
The wight is heavily damaged.
The wight hits you with a +3 dire flail!
* * * LOW HITPOINT WARNING * * *
You feel drained.
* * * LOW HITPOINT WARNING * * *
You barely miss the wight.
The wight is heavily damaged.
The wight hits you with a +3 dire flail.
* * * LOW HITPOINT WARNING * * *
You feel drained.
* * * LOW HITPOINT WARNING * * *
The wight barely misses you.
Okay, then.
You hit the wight.
The wight is severely damaged.
The wight hits you but does no damage.
Okay, then.
You hit the wight.
The wight is almost destroyed.
The wight hits you with a +3 dire flail.
* * * LOW HITPOINT WARNING * * *
You feel drained.
* * * LOW HITPOINT WARNING * * *
The wight hits you with a +3 dire flail.
You die...

###
################.#
#..z@............#
#.##############.#
#.# #.# #)# #.#
#z# #.# #.#######
#.# #.......# #.#
#...(.....##.# #.#
#.........##. #.#


You could see a wight.

Vanquished Creatures
  Pikel (D:5)
  Prince Ribbit (D:5)
  Sigmund (D:4)
  A water moccasin (D:6)
  Pargi (D:4)
  A black bear (D:6)
  2 lemures
  6 kobold brigands (Sewer)
  2 necrophages
  A scorpion (D:5)
  5 wights (D:6)
  2 hounds
  2 iguanas (D:5)
  7 adders
  12 gnolls
  A river rat (Sewer)
  2 ufetubi
  4 worms
  3 dart slugs
  15 orcs
  9 endoplasms
  5 giant cockroaches
  36 goblins
  31 hobgoblins
  4 jackals (D:1)
  10 kobolds
  6 quokkas
  9 ball pythons
  5 bats
  6 frilled lizards
  7 rats
198 creatures vanquished.

Vanquished Creatures (collateral kills)
  3 gnolls (D:4)
3 creatures vanquished.

Vanquished Creatures (others)
  A wight (D:6)
  A gnoll shaman (D:4)
  A gnoll (D:4)
  A goblin (D:4)
4 creatures vanquished.

Grand Total: 205 creatures vanquished

Notes
Turn   | Place    | Note
-------+----------+-------------------------------------------
     0 | D:1      | Shayle the Naga Warper began the quest for the Orb.
     0 | D:1      | Reached XP level 1. HP: 19/19 MP: 3/3
   158 | D:1      | Reached skill level 1 in Stealth
   232 | D:1      | Reached XP level 2. HP: 6/26 MP: 5/5
   975 | D:1      | Reached skill level 2 in Stealth
  1045 | D:1      | Reached XP level 3. HP: 33/33 MP: 6/6
  1536 | D:2      | Reached skill level 3 in Stealth
  1596 | D:2      | Reached XP level 4. HP: 28/40 MP: 7/7
  1597 | D:2      | Upgraded the game from 0.29-a0-721-g7f417c9bbb to
                  | 0.29-a0-723-gce39da1c22
  1600 | D:2      | Learned a level 2 spell: Blink
  1776 | D:2      | Found a shimmering altar of Xom.
  3331 | D:4      | Reached XP level 5. HP: 34/49 MP: 8/8
  3481 | D:4      | Learned a level 3 spell: Gell's Gravitas
  3484 | D:4      | Learned a level 2 spell: Sublimation of Blood
  3638 | D:4      | Reached skill level 4 in Stealth
  4005 | D:4      | Reached XP level 6. HP: 25/54 MP: 9/9
  4688 | D:4      | Reached skill level 5 in Stealth
  4761 | D:4      | Noticed Sigmund
  4773 | D:4      | Killed Sigmund
  4774 | D:4      | Reached XP level 7. HP: 32/64 MP: 3/10
  5380 | D:4      | Found a blossoming altar of Fedhas.
  5380 | D:4      | Noticed Menkaure
  5585 | D:4      | Noticed Pargi
  5618 | D:4      | Killed Pargi
  5696 | D:4      | Found Muyjom's Jewellery Boutique.
  5966 | D:5      | Entered Level 5 of the Dungeon
  5966 | D:5      | Noticed Prince Ribbit
  5983 | D:5      | Killed Prince Ribbit
  5984 | D:5      | Reached skill level 6 in Stealth
  5984 | D:5      | Reached XP level 8. HP: 56/73 MP: 11/11
  5986 | D:5      | Identified the +6 whip "Laast" {vorpal, rPois Str-5 Int+7
                  | Dex+4}
  6348 | D:5      | Found a glowing drain.
  6364 | Sewer    | Entered a sewer
  6778 | Sewer    | Reached skill level 7 in Stealth
  6925 | Sewer    | Reached skill level 5 in Fighting
  6925 | Sewer    | Reached skill level 5 in Unarmed Combat
  6926 | Sewer    | Reached skill level 5 in Dodging
  7866 | D:6      | Noticed Pikel
  7884 | D:5      | Killed Pikel
  7885 | D:5      | Reached skill level 8 in Stealth
  7885 | D:5      | Reached XP level 9. HP: 37/82 MP: 12/12
  8807 | D:6      | Learned a level 5 spell: Manifold Assault
  9687 | D:6      | HP: 2/57 [wight/+3 dire flail (3)]
  9687 | D:6      | Slain by a wight

Illustrated notes

Levels and vault maps discovered:
D:1:      sevenhm_arrival_forest_fort_large_4, layout_loops_ring,
          minmay_surrounded
D:2:      layout_rooms, basic_altar
D:3:      layout_loops_corners
D:4:      minmay_goblin_kobold_castle, layout_loops_ring, tgw_fedhas,
          serial_shops, kennysheep_mini_moat, uniq_sigmund, uniq_menkaure,
          uniq_pargi
D:5:      layout_cave_pools, portal_sewer_entry_f, uniq_prince_ribbit1
D:6:      layout_basic, eino_tiny_chamber, uniq_pikel

Skill      XL: |  1  2  3  4  5  6  7  8  9 |
---------------+----------------------------+-----
Stealth        | 1 2 3 4 5 6 8 |  8.9
Fighting       | 3 4 5 6 |  6.0
Unarmed Combat | 3 4 5 6 |  6.1
Dodging        | 2 3 4 5 6 |  6.3
Throwing       | |  0.8
Armour         | |  0.7
Spellcasting   | |  2.0
Conjurations   | |  0.2
Translocations | |  3.2
Transmutations | |  0.2

Action                   |  1- 3 |  4- 6 |  7- 9 || total
-------------------------+-------+-------+-------++-------
Melee: Unarmed           |    26 |       |       ||    26
       Short sword       |    47 |   121 |       ||   168
       Punch             |       |     7 |    11 ||    18
       Hand axe          |       |   114 |   266 ||   380
       Halberd           |       |       |    10 ||    10
Throw: Boomerang         |     3 |     4 |       ||     7
       Dart              |       |       |     8 ||     8
 Cast: Gell's Gravitas   |       |     9 |     3 ||    12
 Abil: Spit Poison       |    28 |    26 |       ||    54
Evoke: Wand              |       |       |     8 ||     8
  Use: Scroll            |     2 |     3 |     8 ||    13
       Potion            |       |       |     4 ||     4
 Stab: Sleeping          |     1 |     5 |     9 ||    15
Armor: Leather armour    |    13 |    87 |   110 ||   210
Dodge: Dodged            |    50 |   184 |   215 ||   449

Table legend: (Time is in decaauts)
 A = Elapsed time spent in this place.
 B = Non-inter-level travel time spent in this place.
 C = Inter-level travel time spent in this place.
 D = Time resting spent in this place.
 E = Time spent auto-exploring this place.
 F = Levels seen in this place.
 G = Mean time per level.
                   A        B        C        D        E       F      G
               +--------+--------+--------+--------+--------+-----+--------+
         Total |  11810 |  11632 |    178 |   2910 |   5877 |   7 | 1687.1 |
       Dungeon |  10228 |  10050 |    178 |   2646 |   5099 |   6 | 1704.7 |
         Sewer |   1582 |   1582 |      0 |    264 |    777 |   1 | 1582.0 |
               +--------+--------+--------+--------+--------+-----+--------+

Top non-repeatable levels by time:
     D:4: 3025 daAuts
     D:6: 1790 daAuts
     D:3: 1604 daAuts
   Sewer: 1582 daAuts
     D:1: 1513 daAuts
     D:5: 1247 daAuts
     D:2: 1046 daAuts
